 Dungeon Sprint DCSS version 0.19.1 (webtiles) character file.

2771 Groucho the Brawler (level 9, -2/91 HPs)
             Began as a Troll Berserker on Dec 3, 2016.
             Was an Elder of Trog.
             Slain by an unseen horror (11 damage)
             ... in the Dungeon (Sprint I: "Red Sonja").
             The game lasted 00:04:07 (1382 turns).

Groucho the Brawler (Troll Berserker)               Turns: 1382, Time: 00:04:07

Health: -2/91      AC:  5    Str: 27    XL:     9   Next: 42%
Magic:  8/8        EV: 13    Int:  3    God:    Trog [****..]
Gold:   631        SH:  0    Dex: 12    Spells: 0 memorised, 8 levels left

rFire  . . .     SeeInvis .       - Unarmed
rCold  . . .     Gourm    +     a - +0 animal skin
rNeg   . . .     Faith    .     (no shield)
rPois  .         Spirit   .     (helmet restricted)
rElec  .         Reflect  .     (no cloak)
rCorr  .         Harm     .     (gloves unavailable)
MR     ++...     NoTele   +     (boots unavailable)
Stlth  +.........               (no amulet)
                                (no ring)
                                (no ring)

@: regenerating
A: unfitting armour, claws 3, fast metabolism 3, gourmand, regeneration 1,
shaggy fur 1, tough skin 2
a: Berserk, Trog's Hand, Brothers in Arms, Burn Spellbooks, Renounce Religion


You were in the Dungeon.
You worshipped Trog.
Trog was greatly pleased with you.
You were not hungry.

You visited 1 branch You collected 631 gold pieces.

Inventory:

Armour
 a - a +0 animal skin (worn)
Scrolls
 d - a scroll of enchant armour {unknown}
Potions
 f - 2 potions of magic
 g - a potion of degeneration {unknown}
 i - a potion of cure mutation {unknown}
Comestibles
 b - a bread ration


   Skills:
 + Level 6.3 Fighting
 + Level 5.7 Armour
 + Level 6.4 Dodging
 * Level 17.3 Unarmed Combat


You had 8 spell levels left.
You didn't know any spells.

Dungeon Overview and Level Annotations

Branches:
Dungeon (1/1)

Altars:
Cheibriados
Dithmenos
Elyvilon
Fedhas
Gozag
Hepliaklqana
Kikubaaqudgha
Makhleb
Nemelex Xobeh
Okawaru
Qazlal
Ru
Sif Muna
Trog
Uskayaw
Vehumet
Xom
Yredelemnul
Zin
The Shining One
Jiyva
Lugonu

Shops:
D *


Innate Abilities, Weirdness & Mutations

You are too large for most types of armour.
You have claws for hands.
Your metabolism is lightning-fast.
You like to eat raw meat.
Your natural rate of healing is unusually fast.
You are covered in fur. (AC +1)
You have very tough skin. (AC +2)


Message History

Something barely misses you. Something hits you!
* * * LOW HITPOINT WARNING * * *
Something hits you.
* * * LOW HITPOINT WARNING * * *
Unknown command.
Okay, then.
Okay, then.
Something hits you.
* * * LOW HITPOINT WARNING * * *
Something hits you but does no damage. Something hits you.
* * * LOW HITPOINT WARNING * * *
Something hits you!
* * * LOW HITPOINT WARNING * * *
Unknown command.
You feel better. Something hits you.
* * * LOW HITPOINT WARNING * * *
Something hits you but does no damage. x2
Something hits you!
You die...

___##'#..'≈§§§.'..#
∩...'..._#§§§.§#..#
.__##_.#§##+#####'###
___###+#.# #.'.# ####
### ###.# #.#
##########†#
#....§§§##§#
#......@§§§#
#+++######§# #§# +§#
###


There were no monsters in sight!

Vanquished Creatures
  2 centaur warriors (D)
  An oklob plant (D)
  A hornet (D)
  A slime creature (D)
  2 redbacks (D)
  Sigmund (D)
  A yak (D)
  An ogre (D)
  A jelly (D)
  Ijyb (D)
12 creatures vanquished.

Vanquished Creatures (others)
  A gargoyle (D)
1 creature vanquished.

Grand Total: 13 creatures vanquished

Notes
Turn   | Place    | Note
-------+----------+-------------------------------------------
     0 | D        | Groucho the Troll Berserker began the quest for the Orb.
     0 | D        | Reached XP level 1. HP: 22/22 MP: 0/0
     4 | D        | Noticed Ijyb
    12 | D        | Killed Ijyb
    12 | D        | Reached skill level 6 in Unarmed Combat
    12 | D        | Reached XP level 2. HP: 29/29 MP: 1/1
   247 | D        | Noticed an ogre
   251 | D        | Killed an ogre
   251 | D        | Reached skill level 9 in Unarmed Combat
   251 | D        | Reached XP level 3. HP: 36/36 MP: 2/2
   251 | D        | Reached XP level 4. HP: 44/44 MP: 3/3
   394 | D        | Noticed Sigmund
   400 | D        | Killed Sigmund
   400 | D        | Reached ** piety under Trog
   400 | D        | Reached skill level 12 in Unarmed Combat
   400 | D        | Reached XP level 5. HP: 50/50 MP: 4/4
   616 | D        | Found a deep blue altar of Sif Muna.
   618 | D        | Found a radiant altar of Vehumet.
   622 | D        | Reached XP level 6. HP: 59/59 MP: 5/5
   662 | D        | Killed a gargoyle
   778 | D        | Found Juontei's General Store.
   778 | D        | Found an ancient bone altar of Kikubaaqudgha.
   778 | D        | Found a hazy altar of Hepliaklqana.
   778 | D        | Found a hide-covered altar of Uskayaw.
   778 | D        | Found a basalt altar of Yredelemnul.
   778 | D        | Found an opulent altar of Gozag.
   778 | D        | Found a snail-covered altar of Cheibriados.
   778 | D        | Found a sacrificial altar of Ru.
   778 | D        | Found a shadowy altar of Dithmenos.
   778 | D        | Noticed a yak
   780 | D        | Killed a yak
   780 | D        | Reached skill level 14 in Unarmed Combat
   817 | D        | Found a stormy altar of Qazlal.
   817 | D        | Found a blossoming altar of Fedhas.
   817 | D        | Found a bloodstained altar of Trog.
   817 | D        | Found an iron altar of Okawaru.
   817 | D        | Found a glowing golden altar of the Shining One.
   817 | D        | Found a glowing silver altar of Zin.
   817 | D        | Found a white marble altar of Elyvilon.
   819 | D        | Found a sparkling altar of Nemelex Xobeh.
   836 | D        | Found a burning altar of Makhleb.
   836 | D        | Found a viscous altar of Jiyva.
   836 | D        | Found a shimmering altar of Xom.
   836 | D        | Found a corrupted altar of Lugonu.
   836 | D        | Noticed a slime creature
   845 | D        | Killed a slime creature
   845 | D        | Reached *** piety under Trog
   845 | D        | Reached skill level 15 in Unarmed Combat
   845 | D        | Reached XP level 7. HP: 66/66 MP: 6/6
   989 | D        | Noticed a centaur warrior
   989 | D        | Noticed a centaur warrior
   993 | D        | Killed a centaur warrior
   993 | D        | Reached XP level 8. HP: 37/79 MP: 7/7
  1001 | D        | Killed a centaur warrior
  1001 | D        | Reached skill level 5 in Fighting
  1001 | D        | Reached skill level 5 in Dodging
  1001 | D        | Reached skill level 16 in Unarmed Combat
  1207 | D        | Noticed a hornet
  1208 | D        | Killed a hornet
  1208 | D        | Reached XP level 9. HP: 88/88 MP: 8/8
  1220 | D        | Noticed an oklob plant
  1224 | D        | Killed an oklob plant
  1224 | D        | Reached skill level 5 in Armour
  1224 | D        | Reached skill level 17 in Unarmed Combat
  1267 | D        | Reached **** piety under Trog
  1380 | D        | HP: 1/91 [something (9)]
  1382 | D        | Slain by an unseen horror

Skill      XL: |  1  2  3  4  5  6  7  8  9 |
---------------+----------------------------+-----
Unarmed Combat | 6 9 12 15 16 17 | 17.3
Fighting       | 4 5 6 |  6.3
Armour         | 3 4 5 |  5.7
Dodging        | 4 5 6 |  6.4

Action                   |  1- 3 |  4- 6 |  7- 9 || total
-------------------------+-------+-------+-------++-------
Melee: Unarmed           |    10 |    14 |    26 ||    50
       Punch             |       |     2 |     3 ||     5
Invok: Berserk           |     1 |     4 |     3 ||     8
       Trog's Hand       |       |       |     3 ||     3
  Use: Potion            |     1 |       |     3 ||     4
       Scroll            |       |       |     1 ||     1
  Eat: Chunk             |     2 |     8 |     4 ||    14
       Bread ration      |       |       |     1 ||     1
Armor: Animal skin       |     1 |     1 |    13 ||    15
Dodge: Dodged            |     2 |     3 |     7 ||    12
